 Dungeon Crawl Stone Soup version 0.29.1-1-gd02db6906a (webtiles) character file.

Game seed: 451317427637485317

378 safid the Skirmisher (level 6, -1/76 HPs)
             Began as a Minotaur Hunter on Sept 27, 2022.
             Slain by a worm (8 damage)
             ... on level 4 of the Dungeon.
             The game lasted 00:05:03 (2219 turns).

safid the Skirmisher (Minotaur Hunter)              Turns: 2219, Time: 00:05:03

Health: -1/76      AC: 23    Str: 16    XL:     6   Next: 45%
Magic:  5/5        EV:  2    Int:  6    God:
Gold:   108        SH:  0    Dex: 15    Spells: 5/5 levels left

rFire   . . .      SeeInvis .   a - +0 shortbow
rCold   . . .      Faith    .   (shield currently unavailable)
rNeg    . . .      Spirit   .   (body armour currently unavailable)
rPois   +          Reflect  .   (helmet currently unavailable)
rElec   .          Harm     .   (cloak currently unavailable)
rCorr   .          Rampage  .   (gloves currently unavailable)
Will    .....      NoTele   +   (boots currently unavailable)
Stlth   ++........              (no amulet)
HPRegen 0.22/turn               (no ring)
MPRegen 0.09/turn               (no ring)

@: tree-form
A: stationary, stasis, torment immunity, boosted hp, (horns 2), (retaliatory
headbutt)
a: no special abilities


You were on level 4 of the Dungeon.
You were a tree.
You visited 1 branch of the dungeon, and saw 4 of its levels.

You collected 108 gold pieces.

Inventory:

Hand Weapons
 a - a +0 shortbow (weapon)
Missiles
 o - 6 javelins
Armour
 c - a +0 leather armour
 s - a +0 pair of gloves (melded)
 t - the +5 scale mail of the Tanner (melded) {Will+}
   (You found it on level 3 of the Dungeon)

   Will:      It increases your willpower.
Scrolls
 d - a scroll of fear {unknown}
 e - 4 scrolls of identify {unknown}
 g - 3 scrolls of noise {unknown}
 h - a scroll of enchant weapon {unknown}
 j - 2 scrolls of teleportation {unknown}
 k - 3 scrolls of blinking {unknown}
 m - a scroll of fog {unknown}
 v - a scroll of magic mapping {unknown}
Potions
 b - 2 potions of might {unknown}
 f - 2 potions of cancellation {unknown}
 i - a potion of heal wounds {unknown}
 l - 2 potions of curing {unknown}
 p - a potion of attraction {unknown}
 q - a potion of haste {unknown}
 r - a potion of resistance {unknown}
 u - a potion of flight {unknown}


   Skills:
 - Level 3.0 Fighting
 + Level 8.4 Ranged Weapons
 - Level 2.1 Dodging
 - Level 0.7 Stealth


You had 5 spell levels left.
You didn't know any spells.
Your spell library contained the following spells:

 Spells                   Type           Power      Damage    Failure   Level
 Magic Dart               Conj           0%         1d3       45%         1
 Call Imp                 Summ           0%         N/A       58%         2
 Mephitic Cloud           Conj/Pois/Air  0%         N/A       83%         3


Dungeon Overview and Level Annotations

Branches:
Dungeon (4/15)
 Temple: D:4-7

Altars:

Annotations:
D:3 2 transporters, Iamsock's ghost, amateur GnWn


Innate Abilities, Weirdness & Mutations

You are a tree.
Your roots penetrate the ground, keeping you stationary.
You cannot be teleported.
You are immune to unholy pain and torment.
Your maximum health is greatly increased.
Your equipment is partially melded.
((You have a pair of horns on your head.))
((You reflexively headbutt those who attack you in melee.))


Message History

The orc shouts!
The orc priest shouts!
The arrow hits the orc.
The orc is heavily wounded.
The orc hits you but does no damage. The worm bites you but does no damage.
Fire: a) +0 shortbow
Press: ? - help, Q - select action, (/) - cycle Shift-Dir - straight line, f/p - orc
Aim: an orc, wielding a +0 club and wearing a +0 chain mail (heavily wounded, 71% to hit)
You shoot an arrow. The arrow hits the orc.
The orc is severely wounded.
A quokka comes into view.
The orc barely misses you.
The quokka moves out of view.
Fire: a) +0 shortbow
Press: ? - help, Q - select action, (/) - cycle Shift-Dir - straight line, f/p - orc
Aim: an orc, wielding a +0 club and wearing a +0 chain mail (severely wounded, 71% to hit)
You shoot an arrow. The arrow hits the orc.
You kill the orc!
The orc hits you but does no damage. The worm bites you but does no damage.
An orc comes into view. It is wielding a +0 flail.
Fire: a) +0 shortbow
Press: ? - help, Q - select action, (/) - cycle Shift-Dir - straight line, f - orc
Aim: an orc, wielding a +0 short sword (64% to hit)
You shoot an arrow. The arrow barely misses the orc.
The orc barely misses you. The worm bites you but does no damage.
Unknown command.
Fire: a) +0 shortbow
Press: ? - help, Q - select action, (/) - cycle Shift-Dir - straight line, f/p - orc
Aim: an orc, wielding a +0 short sword (64% to hit)
You shoot an arrow. The arrow barely misses the orc.
The orc completely misses you.
Unknown command.
Fire: a) +0 shortbow
Press: ? - help, Q - select action, (/) - cycle Shift-Dir - straight line, f/p - orc
Aim: an orc, wielding a +0 short sword (64% to hit)
You shoot an arrow. The arrow hits the orc.
The orc is heavily wounded.
The orc priest calls upon Beogh to heal the orc.
The orc's wounds heal themselves!
The orc hits you but does no damage. The worm bites you!
You die...

#†# #.#
#.########### #
#.##........# ..
#.#.##........#
....##.#.#....$....#
....o..............#
....)r.o)##........#
..#....oo♣...#######
........w.....##
#....../.......#
#..............#
#..............#
#.......)......#
#..............#
#.#.............##
#..$.....$.....##


You could see a worm, an orc priest, 3 orcs and a quokka.

Vanquished Creatures
  A phantom (D:4)
  A hound (D:4)
  3 orc wizards
  6 adders
  4 gnolls (D:3)
  An ufetubus (D:4)
  A worm (D:2)
  3 dart slugs
  7 orcs
  5 endoplasms
  7 giant cockroaches
  8 goblins
  2 hobgoblins
  9 jackals
  3 kobolds
  2 quokkas
  7 ball pythons
  9 bats
  3 frilled lizards
  9 rats
91 creatures vanquished.

Notes
Turn   | Place    | Note
-------+----------+-------------------------------------------
     0 | D:1      | safid the Minotaur Hunter began the quest for the Orb.
     0 | D:1      | Reached XP level 1. HP: 18/18 MP: 0/0
    51 | D:1      | Reached XP level 2. HP: 24/26 MP: 1/1
   201 | D:1      | Reached skill level 5 in Ranged Weapons
   414 | D:1      | Reached XP level 3. HP: 31/31 MP: 2/2
   731 | D:2      | Reached skill level 6 in Ranged Weapons
   731 | D:2      | Reached XP level 4. HP: 38/38 MP: 3/3
   839 | D:2      | Found a faded altar of an unknown god.
  1429 | D:2      | Reached XP level 5. HP: 29/45 MP: 4/4
  1547 | D:3      | Identified the +5 scale mail of the Tanner {Will+}
  1599 | D:3      | Reached skill level 7 in Ranged Weapons
  1777 | D:3      | Noticed Iamsock's ghost (amateur GnWn)
  1830 | D:3      | Found a transporter.
  1836 | D:3      | Found a transporter.
  1839 | D:3      | Noticed a small abomination
  2116 | D:4      | Noticed a phantom
  2142 | D:4      | Killed a phantom
  2143 | D:4      | Reached skill level 8 in Ranged Weapons
  2143 | D:4      | Reached XP level 6. HP: 9/51 MP: 5/5
  2145 | D:4      | HP: 2/76 [frozen (4)]
  2219 | D:4      | Slain by a worm

Illustrated notes

Levels and vault maps discovered:
D:1:      heliophobic_arrival_dark_side_of_the_moon, layout_rooms
D:2:      layout_basic, basic_ecumenical_altar
D:3:      layout_loops_ring, gammafunk_ghost_abyssal_escape
D:4:      layout_rooms, gup_sewer_entry_pipe

Skill      XL: |  1  2  3  4  5 |
---------------+----------------+-----
Fighting       | 3 |  3.0
Ranged Weapons | 5 6 8 |  8.4
Dodging        | |  2.1
Stealth        | |  0.7

Action                   |  1- 3 |  4- 6 || total
-------------------------+-------+-------++-------
 Fire: Shortbow          |    89 |   159 ||   248
  Use: Potion            |       |     2 ||     2
Armor: Leather armour    |     8 |    13 ||    21
       Scale mail        |       |    60 ||    60
       Skin              |       |    23 ||    23
Dodge: Dodged            |    25 |    73 ||    98
